 Dungeon Crawl Stone Soup version 0.21.1-1-g345015f (webtiles) character file.

427 inc the Magician (level 6, -7/36 HPs)
             Began as an Octopode Conjurer on June 12, 2018.
             Killed by nerve-wracking pain
             ... invoked by an orc priest
              (12 damage)
             ... on level 4 of the Dungeon.
             The game lasted 00:06:05 (2898 turns).

inc the Magician (Octopode Conjurer)                Turns: 2898, Time: 00:06:06

Health: -7/36      AC:  1    Str:  8    XL:     6   Next: 97%
Magic:  7/15       EV: 13    Int: 19    God:
Gold:   161        SH:  0    Dex: 12    Spells: 12/18 levels left

rFire    . . .     SeeInvis .   o - +1 halberd (freeze)
rCold    . . .     Gourm    .   (shield currently unavailable)
rNeg     . . .     Faith    .   (helmet restricted)
rPois    .         Spirit   .   (no amulet)
rElec    .         Reflect  .   (no ring)
rCorr    .         Harm     .   (no ring)
MR       .....                  (no ring)
Stlth    +++.......             (no ring)
HPRegen  0.12/turn              (no ring)
MPRegen  0.14/turn              (no ring)
                                (no ring)
                                (no ring)

@: very slightly contaminated
A: almost no armour, stealthy swim, amphibious, 8 rings, constrict 8, camouflage
1, gelatinous body 1
a: no special abilities


You were on level 4 of the Dungeon.
You were not hungry.

You visited 1 branch of the dungeon, and saw 4 of its levels.

You collected 161 gold pieces.

Inventory:

Hand Weapons
 d - a +0 whip
 k - a +0 short sword
 o - a +1 halberd of freezing (weapon)
 r - a -3 dagger
Jewellery
 c - an uncursed ring of loudness
 f - an uncursed amulet of faith
Wands
 m - a wand of polymorph (10)
Scrolls
 p - a scroll of teleportation
 s - a scroll of identify
Potions
 e - 3 potions of agility
 g - 2 potions of heal wounds
 h - a potion of might {unknown}
 i - 2 potions of degeneration {unknown}
 j - a potion of flight
 l - a potion of ambrosia {unknown}
 q - a potion of brilliance {unknown}
Books
 a - a book of Conjurations

   Spells                             Type                      Level
   a - Magic Dart                     Conjuration                  1
   b - Searing Ray                    Conjuration                  2
   c - Dazzling Spray                 Conjuration/Hexes            3
   d - Fulminant Prism                Conjuration/Hexes            4
   e - Force Lance                    Conjuration/Translocation    4
   f - Iskenderun's Mystic Blast      Conjuration                  4
Comestibles
 b - 4 rations
 n - a chunk of flesh


   Skills:
 - Level 2.0 Dodging
 - Level 2.6 Stealth
 + Level 6.6 Spellcasting
 - Level 4.0 Conjurations


You had 12 spell levels left.
You knew the following spells:

 Your Spells              Type           Power        Failure   Level  Hunger
a - Magic Dart            Conj           ###.         1%          1    None
b - Searing Ray           Conj           ###...       3%          2    None
c - Dazzling Spray        Conj/Hex       ##....       14%         3    ##.....


Dungeon Overview and Level Annotations

Branches:
Dungeon (4/15)
 Temple: D:4-7

Altars:
Sif Muna

Annotations:
D:4 Edmund


Innate Abilities, Weirdness & Mutations

You cannot wear most types of armour.
You are very stealthy in the water. (Stealth+)
You are amphibious.
You can wear up to eight rings at the same time.
You can use your tentacles to constrict eight enemies at once.
Your skin changes colour to match your surroundings (Stealth+).
Your rubbery body absorbs attacks. (AC +1, EV +1)


Message History

The orc priest is heavily wounded. (Press . to maintain the ray.)
The orc priest hits you.
* * * LOW HITPOINT WARNING * * *
The searing ray hits the orc priest.
The orc priest is severely wounded.
The orc priest closely misses you.
The orc priest hits you from afar with a trident.
* * * LOW HITPOINT WARNING * * *
The searing ray misses the orc priest.
The searing ray hits the orc priest.
The orc priest is heavily wounded.
The orc priest closely misses you. The orc priest misses you.
The searing ray hits the orc priest.
You kill the orc priest!
The searing ray hits the orc priest.
The orc priest is almost dead.
You finish channeling your searing ray.
The orc priest mumbles some strange prayers to Beogh against you.
Pain shoots through your body!
You die...

........# #.........#
........# #...#######
####....# #...# # #......
##...###########.###
+.......+.........(.........
#.......#..#.#######..##.#.#
..........o.........#
..#......##[##).##.##
#......##@#...##.#
#..o...##)#<..##)#
..o.....##.#...##.#
.........##.#...##.#
.........##.#...##.#
.........##.###.# .#
........##(. ... ###


You could see an orc priest.

Vanquished Creatures
  A hound (D:4)
  An orc priest (D:4)
  4 orc wizards
  An iguana (D:4)
  A worker ant (D:4)
  A hound skeleton (D:4)
  Robin (D:2)
  6 gnolls
  3 adders
  An ooze (D:4)
  A worm (D:4)
  4 dart slugs
  3 leopard geckos
  7 orcs
  8 bats
  A giant cockroach (D:4)
  17 goblins
  10 hobgoblins
  A frilled lizard (D:4)
  4 kobolds
  2 rats (D:2)
78 creatures vanquished.

Notes
Turn   | Place    | Note
-------+----------+-------------------------------------------
     0 | D:1      | inc the Octopode Conjurer began the quest for the Orb.
     0 | D:1      | Reached XP level 1. HP: 11/11 MP: 3/3
   132 | D:1      | Reached XP level 2. HP: 13/17 MP: 3/5
   248 | D:1      | Reached skill level 3 in Spellcasting
   286 | D:1      | Reached XP level 3. HP: 6/21 MP: 2/7
   732 | D:2      | Noticed Robin
  1004 | D:2      | Killed Robin
  1022 | D:2      | Learned a level 2 spell: Searing Ray
  1026 | D:2      | Learned a level 3 spell: Dazzling Spray
  1251 | D:2      | Reached XP level 4. HP: 25/27 MP: 7/9
  1262 | D:2      | Reached skill level 4 in Spellcasting
  1506 | D:2      | Found a deep blue altar of Sif Muna.
  1722 | D:2      | Reached XP level 5. HP: 28/31 MP: 1/11
  1892 | D:3      | Reached skill level 5 in Spellcasting
  2314 | D:4      | Reached XP level 6. HP: 32/36 MP: 8/14
  2350 | D:4      | Noticed Edmund
  2364 | D:4      | Noticed a phantom
  2518 | D:4      | Reached skill level 6 in Spellcasting
  2898 | D:4      | Killed from afar by an orc priest

Skill      XL: |  1  2  3  4  5  6 |
---------------+-------------------+-----
Spellcasting   | 3 4 5 6 |  6.6
Dodging        | |  2.0
Stealth        | |  2.6
Conjurations   | |  4.0

Action                   |  1- 3 |  4- 6 || total
-------------------------+-------+-------++-------
Melee: Whip              |    36 |       ||    36
       Constrict         |    10 |     8 ||    18
       Tentacles         |     6 |     4 ||    10
       Short sword       |       |    21 ||    21
       Halberd           |       |     3 ||     3
 Cast: Magic Dart        |    42 |    76 ||   118
       Searing Ray       |       |    12 ||    12
  Use: Scroll            |       |     7 ||     7
  Eat: Chunk             |       |     6 ||     6
Armor: Skin              |     5 |     5 ||    10
Dodge: Dodged            |    34 |    37 ||    71
